 Dungeon Crawl Stone Soup version 0.16-a0-139-gc9fe9b1 (webtiles) character file.

147 Ratboiler the Cudgeler (level 5, -7/53 HPs)
             Began as an Ogre Artificer on Aug 14, 2014.
             Killed by divine providence
             ... invoked by an orc priest
              (14 damage)
             ... on Level 3 of the Dungeon.
             The game lasted 00:09:18 (4444 turns).

Ratboiler the Cudgeler (Ogre Artificer)             Turns: 4444, Time: 00:09:21

HP  -7/53        AC  3     Str 16      XL: 5   Next: 29%
MP  16/16        EV 16     Int 11      God:
Gold 94          SH  0     Dex 16      Spells:  0 memorised,  4 levels left

rFire  . . .     SeeInvis .     a - +0 mace
rCold  . . .     Clarity  .     e - +0 robe
rNeg   . . .     rCorr    .     (shield restricted)
rPois  .         rRot     .     (helmet restricted)
rElec  .         Spirit   .     (no cloak)
SustAb .         Warding  .     (gloves unavailable)
rMut   .         Stasis   .     (boots unavailable)
Gourm  .                        (no amulet)
MR     .....                    (no ring)
                                n - ring of magical power

@: agile, not resistant to hostile enchantments, fairly stealthy
A: unfitting armour, tough skin 1
a: no special abilities


You were on level 3 of the Dungeon.
You were not hungry.

You visited 1 branch of the dungeon, and saw 3 of its levels.

You collected 94 gold pieces.

Inventory:

Hand weapons
 a - a +0 mace (weapon)
 b - a +4 blowgun
 f - a +1 hunting sling of flaming
 g - a +1 club
Missiles
 v - 13 poisoned needles
Armour
 e - a +0 robe (worn)
Magical devices
 c - a wand of enslavement (14)
 d - a wand of random effects (15)
 o - a wand of teleportation (0)
 u - a wand of flame (9)
 w - a wand of confusion (8) {unknown}
Comestibles
 h - 2 bread rations
 t - 2 chunks of quokka flesh
 x - a beef jerky
Scrolls
 i - 3 scrolls of identify {unknown}
 l - 3 scrolls of fear {unknown}
 m - a scroll of amnesia {unknown}
 r - a scroll of blinking {unknown}
 s - a scroll of enchant armour {unknown}
 y - a scroll of remove curse {unknown}
Jewellery
 j - a cursed -2 ring of protection {unknown}
 n - a ring of magical power (left hand)
Potions
 p - a potion of curing {unknown}
 q - a potion of mutation {unknown}


   Skills:
 + Level 3.1 Fighting
 * Level 3.9 Maces & Flails
 + Level 2.4 Dodging
 - Level 0.7 Stealth
 + Level 3.4 Evocations


You had 4 spell levels left.
You didn't know any spells.

Dungeon Overview and Level Annotations

Branches:
Dungeon (3/15)

Altars:

Annotations:
D:3 Grinder


Innate Abilities, Weirdness & Mutations

You are too large for most types of armour.
You have tough skin (AC +1).


Message History

The orc priest mumbles some strange prayers to Beogh against you.
Pain shoots through your body!
* * * LOW HITPOINT WARNING * * *
Evoke which item? (* to show all) (? for menu, Esc to quit)
Zapping:
o - a wand of teleportation {zapped: 2}
Press: ? - help, Shift-Dir - straight line, f - you, p - orc priest Nothing appears to happen.
The orc priest becomes somewhat translucent.
The orc priest hits you with a trident.
* * * LOW HITPOINT WARNING * * *
The orc priest barely misses you.
Drink which item? (? for menu, Esc to quit)
You feel agile all of a sudden.
It was a potion of agility.
The orc priest's eyes start to glow.
The orc priest hits you with a trident.
* * * LOW HITPOINT WARNING * * *
The orc priest mumbles some strange prayers to Beogh against you.
Something smites you!
You die...

....
..(................
#+#####>##...#.......
.... # #####.......
...# #....... ...
#....... oo ##.#####
#o###.# #.# # #oo##.#
#.# # #####@##.# #.#..
# #......#.# #.#.... #
#......#.# #.#.... #
#........# #.#.... #
#........# #.#.... #
#........##### #.#....
#
#.......>....###.#....
#
#......#.###.....#....
. .........#.#
#..........


You could see 3 orc priests and 2 orcs.

Vanquished Creatures
  Ijyb (D:2)
  3 adders
  2 giant mites
  3 worms (D:2)
  3 giant geckos (D:2)
  An orc (D:2)
  8 bats
  7 giant cockroaches
  7 hobgoblins
  2 jackals (D:3)
  3 quokkas
  2 giant newts (D:1)
  8 goblins
  7 kobolds
  8 rats
65 creatures vanquished.

Notes
Turn   | Place    | Note
--------------------------------------------------------------
     0 | D:1      | Ratboiler, the Ogre Artificer, began the quest for the Orb.
     0 | D:1      | Reached XP level 1. HP: 19/19 MP: 1/1
   484 | D:1      | Reached XP level 2. HP: 18/28 MP: 2/2
  1171 | D:1      | Reached XP level 3. HP: 26/35 MP: 4/4
  1256 | D:2      | Noticed Ijyb
  1486 | D:2      | Killed Ijyb
  1593 | D:2      | Reached skill level 3 in Maces & Flails
  1958 | D:2      | Reached XP level 4. HP: 41/44 MP: 5/5
  3568 | D:2      | Reached XP level 5. HP: 27/53 MP: 7/7
  3795 | D:3      | Noticed Grinder
  3796 | D:3      | Paralysed by Grinder for 4 turns
  4444 | D:3      | Killed from afar by an orc priest

Action                   |  1- 3 |  4- 6 || total
-------------------------+-------+-------++-------
Melee: Mace              |   102 |   176 ||   278
       Club              |     8 |       ||     8
Evoke: Wand              |       |     7 ||     7
  Use: Potion            |       |     1 ||     1
 Stab: Sleeping          |       |     1 ||     1
  Eat: Chunk             |     2 |     7 ||     9
       Meat ration       |       |     1 ||     1
